 Dungeon Crawl Stone Soup version 0.30-a0-715-gdb4ae3ece1 (webtiles) character file.

Game seed: 4460505166877162371

123 karrick the Covered (level 5, -9/33 HPs)
             Began as a Gargoyle Fighter on Jan 25, 2023.
             Killed by divine providence
             ... invoked by an orc priest
              (12 damage)
             ... on level 3 of the Dungeon.
             The game lasted 00:03:27 (1478 turns).

karrick the Covered (Gargoyle Fighter)              Turns: 1478, Time: 00:03:27

Health: -9/33      AC: 13    Str: 20    XL:     5   Next: 7%
Magic:  5/5        EV:  9    Int:  8    God:
Gold:   36         SH:  4    Dex: 11    Spells: 4/4 levels left

rFire   . . .      SeeInvis .    a - +0 war axe
rCold   . . .      Faith    .    c - +0 buckler
rNeg    + . .      Spirit   .    b - +0 scale mail
rPois   ∞          Reflect  .    l - +1 helmet
rElec   +          Harm     .    (no cloak)
rCorr   .          Rampage  .    (no gloves)
Will    .....                    (no boots) Stlth
                                 (no amulet)
HPRegen 0.25/turn                (no ring)
MPRegen 0.09/turn                (no ring)

@: mighty, attractive
A: sickness immunity, AC +4, negative energy resistance 1, electricity
resistance, torment resistance 1, petrification resistance
a: no special abilities


You were on level 3 of the Dungeon.
You visited 1 branch of the dungeon, and saw 3 of its levels.

You collected 36 gold pieces.

Inventory:

Hand Weapons
 a - a +0 war axe (weapon)
Armour
 b - a +0 scale mail (worn)
 c - a +0 buckler (worn)
 l - a +1 helmet (worn)
Jewellery
 j - a ring of fire
Wands
 n - a wand of light (9)
Scrolls
 e - 2 scrolls of identify {unknown}
 f - 2 scrolls of vulnerability {unknown}
 h - a scroll of noise {unknown}
Potions
 g - a potion of attraction
 i - a potion of berserk rage {unknown}
 k - a potion of lignification {unknown}
 m - a potion of curing {unknown}


   Skills:
 + Level 3.9 Fighting
 + Level 3.1 Axes
 + Level 4.2 Armour
 + Level 0.3 Stealth
 + Level 3.8 Shields


You had 4 spell levels left.
You didn't know any spells.
Your spell library contained the following spells:

 Spells                   Type           Power      Damage    Failure   Level
 Wereblood                Tmut           0%         N/A       93%         2
 Ignite Poison            Fire/Tmut/Pois 0%         N/A       99%         3
 Kindle Blastsparks       Fire/Tloc/Air  0%         2d10      99%         3
 Freezing Cloud           Conj/Ice/Air   0%         6-21      100%        5
 Summon Hydra             Summ           0%         N/A       100%        7
 Sublimation of Blood     Necr           Unusable   N/A       N/A         2

Dungeon Overview and Level Annotations

Branches:
Dungeon (3/15)

Altars:

Shops:
D:2 (((


Innate Abilities, Weirdness & Mutations

You are immune to sickness and miasma.
Your stone body is resilient. (AC +4)
You are immune to poison.
You resist negative energy. (rN+)
You are resistant to electric shocks. (rElec)
You are resistant to unholy torment.
You are immune to petrification.


Message History

You are too injured to fight recklessly!
You are too injured to fight recklessly!
You are too injured to fight recklessly!
You are too injured to fight recklessly!
You are too injured to fight recklessly!
You are too injured to fight recklessly!
You are too injured to fight recklessly!
It was a potion of attraction.
You feel attractive to monsters. The orc misses you.
The orc hits you with a +0 hand axe.
* * * LOW HITPOINT WARNING * * *
The orc priest hits you but does no damage.
The orc priest barely misses you.
You feel very mighty all of a sudden. The orc priest closely misses you.
The orc hits you with a +0 club.
* * * LOW HITPOINT WARNING * * *
The orc hits you but does no damage.
The orc priest hits you but does no damage.
You closely miss the orc priest. You slash the orc priest!
You kill the orc priest!
You closely miss the orc. You slash the orc!
You kill the orc!
The orc priest hits you with a +0 dagger.
* * * LOW HITPOINT WARNING * * *
You block the orc's attack.
Your Axes skill increases to level 3!
You have reached level 5!
You slash the orc priest!
The orc priest is almost dead.
You slash the orc!
You kill the orc!
The orc priest hits you with a +0 dagger.
* * * LOW HITPOINT WARNING * * *
The orc priest hits you with a +0 dagger.
* * * LOW HITPOINT WARNING * * *
You closely miss the orc priest.
The orc priest is almost dead.
The orc priest mumbles some strange prayers to Beogh against you.
Beogh smites you!
You die...

##.####.......#
##.......##...#
######..# #..#
#..###..##.###
#....)........
######)####.##
#.#.## .#
#.###.##)####.#
..# ##.@o.[....
... #..))......
#...
#.#.#......(
#.#
#.##.#.#.#..#
#. ## #.#.#.#
## #.#.# #
#.#.. #.###


You could see an orc priest.

Vanquished Creatures
  An orc priest (D:3)
  Jessica (D:3)
  An adder (D:2)
  A dart slug (D:1)
  4 orcs (D:3)
  3 endoplasms
  2 giant cockroaches (D:1)
  8 goblins
  6 hobgoblins
  4 kobolds (D:1)
  5 quokkas (D:1)
  6 ball pythons
  A bat (D:1)
  2 frilled lizards
  4 rats (D:1)
49 creatures vanquished.

Notes
Turn   | Place    | Note
-------+----------+-------------------------------------------
     0 | D:1      | karrick the Gargoyle Fighter began the quest for the Orb.
     0 | D:1      | Reached XP level 1. HP: 14/14 MP: 1/1
    86 | D:1      | Reached XP level 2. HP: 19/19 MP: 2/2
   214 | D:1      | Reached XP level 3. HP: 14/23 MP: 3/3
   790 | D:2      | Found Degukun's Antique Weapon Shop.
  1274 | D:2      | Found Ovohah's Antique Weapon Boutique.
  1289 | D:2      | Found Buelagi's Weapon Emporium.
  1307 | D:2      | Found a faded altar of an unknown god.
  1360 | D:2      | Reached XP level 4. HP: 29/29 MP: 4/4
  1452 | D:3      | Noticed Jessica
  1459 | D:3      | Killed Jessica
  1460 | D:3      | Reached skill level 4 in Armour
  1477 | D:3      | Reached XP level 5. HP: 6/33 MP: 5/5
  1478 | D:3      | Killed from afar by an orc priest

Illustrated notes

Levels and vault maps discovered:
D:1:      ncdulo_watergridlock, layout_basic
D:2:      layout_basic, serial_shops, nicolae_shop_window_shopping, shop, shop,
          hellmonk_ecumenical_altar_pennies_from_heaven
D:3:      layout_loops_corners, item_on_display_a, uniq_jessica

Skill      XL: |  1  2  3  4 |
---------------+-------------+-----
Axes           | 2 3 |  3.1
Armour         | 4 |  4.2
Fighting       | |  3.9
Stealth        | |  0.3
Shields        | |  3.8

Action                     |  1- 3 |  4- 6 || total
---------------------------+-------+-------++-------
  Melee: War axe           |   116 |    11 ||   127
    Use: Potion            |       |     2 ||     2
 Armour: Scale mail        |    74 |     7 ||    81
  Dodge: Dodged            |    66 |    10 ||    76
  Block: Buckler           |    27 |     4 ||    31

Table legend: (Time is in decaauts)
 A = Elapsed time spent in this place.
 B = Non-inter-level travel time spent in this place.
 C = Inter-level travel time spent in this place.
 D = Time resting spent in this place.
 E = Time spent auto-exploring this place.
 F = Levels seen in this place.
 G = Mean time per level.
                   A        B        C        D        E       F      G
               +--------+--------+--------+--------+--------+-----+--------+
         Total |   1534 |   1473 |     61 |      0 |   1157 |   3 |  511.3 |
       Dungeon |   1534 |   1473 |     61 |      0 |   1157 |   3 |  511.3 |
               +--------+--------+--------+--------+--------+-----+--------+

Top non-repeatable levels by time:
     D:2: 716 daAuts
     D:1: 716 daAuts
     D:3: 100 daAuts
